 Dungeon Crawl Stone Soup version 0.18.1-8-gdd0e5ea (webtiles) character file.

6942 Mefis the Nimble (level 10, 0/54 HPs)
             Began as a Deep Elf Wizard on May 24, 2016.
             Was a Believer of Jiyva.
             Slain by an unseen horror (9 damage)
             ... on level 10 of the Dungeon.
             The game lasted 00:48:32 (15787 turns).

Mefis the Nimble (Deep Elf Wizard)                 Turns: 15787, Time: 00:48:32

Health: 0/54       AC:  7    Str:  4      XL:     10   Next: 80%
Magic:  22/22      EV: 19    Int: 22 (27) God:    Jiyva [**....]
Gold:   551        SH:  0    Dex: 13      Spells: 8 memorised, 9 levels left

rFire  . . .     SeeInvis .     a - +8 mace of the Four Orbs {drain, rElec}
rCold  + + .     Gourm    .     X - +2 robe {rC+}
rNeg   . . .     Faith    .     (no shield)
rPois  +         Spirit   .     U - +0 hat
rElec  +         Dismiss  .     Y - +0 cloak {rPois}
rCorr  .         Reflect  .     d - +0 pair of gloves
SustAt .         Harm     .     (no boots)
MR     +....                    (no amulet)
Stlth  +++.......               E - +2 ring of evasion
                                n - ring of wizardry

@: somewhat resistant to hostile enchantments, fairly stealthy
A: molten scales 1, cold resistance 1, low mp 1
a: Request Jelly, Jelly Paralyse, Renounce Religion


You were on level 10 of the Dungeon.
You worshipped Jiyva.
Jiyva was pleased with you.
You were not hungry.

You visited 2 branches of the dungeon, and saw 11 of its levels.
You also visited: Sewer and Ossuary.

You collected 551 gold pieces.

Inventory:

Hand Weapons
 a - the +8 mace of the Four Orbs (weapon) {drain, rElec}
   (You found it on level 7 of the Dungeon)

   A truly terrible weapon, it drains the life of those it strikes.
   It insulates you from electricity.
 i - a +0 blowgun
 p - a +0 hunting sling
Missiles
 A - 27 poisoned needles
 F - 87 sling bullets
 T - 8 curare-tipped needles
Armour
 d - a +0 pair of gloves (worn)
 U - a +0 hat (worn)
 X - a +2 robe of cold resistance (worn)
 Y - a +0 cloak of poison resistance (worn)
Magical Staves
 b - an uncursed staff of summoning
Jewellery
 e - an uncursed ring of sustain attributes
 n - a ring of wizardry (left hand)
 E - a +2 ring of evasion (right hand)
Wands
 Q - a wand of iceblast (11/15)
 Z - a wand of lightning (3/15)
Scrolls
 f - a scroll of vulnerability {unknown}
 k - 3 scrolls of fear
 l - 4 scrolls of teleportation
 m - 3 scrolls of amnesia {unknown}
 o - 3 scrolls of magic mapping {unknown}
 s - 6 scrolls of remove curse
 t - 2 scrolls of blinking {unknown}
 u - a scroll of recharging {unknown}
 v - a scroll of enchant weapon {unknown}
 w - 5 scrolls of random uselessness
 y - 5 scrolls of enchant armour {unknown}
 B - 4 scrolls of immolation {unknown}
 N - a scroll of fog {unknown}
 R - a scroll of brand weapon {unknown}
 V - a scroll of silence {unknown}
 W - 3 scrolls of identify
Potions
 g - 8 potions of curing
 h - 9 potions of brilliance
 j - a potion of berserk rage {unknown}
 x - 2 potions of magic {unknown}
 C - a potion of haste {unknown}
 D - 3 potions of ambrosia
 G - a potion of heal wounds
 H - 2 potions of resistance {unknown}
 I - a potion of mutation {unknown}
 J - 2 potions of cure mutation {unknown}
 K - a potion of agility {unknown}
 L - a potion of might {unknown}
 M - 5 potions of cancellation {unknown}
 O - 2 potions of degeneration {unknown}
 P - a potion of flight {unknown}
Books
 c - a book of Minor Magic

   Spells                             Type                      Level
   a - Magic Dart                     Conjuration                  1
   b - Blink                          Translocation                2
   c - Call Imp                       Summoning                    2
   d - Repel Missiles                 Charms/Air                   2
   e - Slow                           Hexes                        2
   f - Conjure Flame                  Conjuration/Fire             3
   g - Mephitic Cloud                 Conjuration/Poison/Air       3
 q - Kikubaaqudgha's Handbook of Dark Rites
   (You found it on level 9 of the Dungeon)

   Spells                             Type                      Level
   a - Pain                           Necromancy                   1
Comestibles
 r - 5 beef jerkies
 z - 3 meat rations


   Skills:
 + Level 2.7 Fighting
 * Level 9.3 Dodging
 + Level 6.7 Stealth
 + Level 8.4 Spellcasting
 + Level 7.2 Conjurations
 + Level 5.4 Hexes
 + Level 5.3 Summonings
 * Level 3.7 Necromancy
 - Level 1.1 Translocations
 + Level 5.4 Fire Magic
 + Level 5.8 Poison Magic


You had 9 spell levels left.
You knew the following spells:

 Your Spells              Type           Power        Failure   Level  Hunger
a - Magic Dart            Conj           ####         1%          1    None
b - Call Imp              Summ           ####....     1%          2    None
c - Blink                 Tloc           N/A          4%          2    None
d - Repel Missiles        Chrm/Air       #.....       4%          2    None
e - Mephitic Cloud        Conj/Pois/Air  ####....     1%          3    None
f - Conjure Flame         Conj/Fire      #####...     1%          3    None
g - Slow                  Hex            ####....     1%          2    None
s - Pain                  Necr           ####         1%          1    None


Dungeon Overview and Level Annotations

Branches:
Dungeon (10/15)            Temple (1/1) D:4            Lair (0/8) D:10
    Orc: D:9-12

Altars:
Ashenzari
Cheibriados
Dithmenos
Elyvilon
Fedhas
Gozag
Kikubaaqudgha
Makhleb
Nemelex Xobeh
Okawaru
Pakellas
Qazlal
Ru
Sif Muna
Trog
Vehumet
Xom
Yredelemnul
Zin
The Shining One
Jiyva

Shops:
D:4 %


Innate Abilities, Weirdness & Mutations

You are partially covered in molten scales (AC +1).
Your flesh is cold resistant.
Your magical capacity is low (-10% MP).


Message History

Something hits you. Something hits you! Something hits you.
Something completely misses you. Something hits you but does no damage.
(D) Dungeon (T) Temple (L) Lair
Where to? (Enter - D:9 @ (x,y), ? - help)
What level of the Lair of Beasts? (default 1, ? - help)
You barely miss something. Something barely misses you. Something hits you. x2
Something hits you!
You swap places.
Something hits the jelly.
Something hits the jelly!
The jelly closely misses something.
Something hits the jelly.
Something hits the jelly!
The jelly dies!
Something hits you but does no damage. Something hits you!
* * * LOW HITPOINT WARNING * * *
Something hits you.
* * * LOW HITPOINT WARNING * * *
Something hits you.
* * * LOW HITPOINT WARNING * * *
Something hits you!
You die...

##.###.## #.##.# #.#####.####.#
......<.#
###.##.###.##..........
##.###..#
#................##.#.# ##.#
#..# #.#..............##.#.#
##.# #..#
#(#.##.###.##.#..##.#.#
##.###..# #(#.##.#
#.##.#..##.#.# ........#
#.#.##.# #.##.#..##(#.#
##.####.# #5#.##.#
#.........#... ##.# #.#
#h#.##@# ####.#.###.### ##.#
#.###.#.##..............#
##.####.....#.###########..####
##............# #..#
......#######.# ##.######
......# #.######## #.......
.._...# #........# #.#####.
.....## ########.# #.# ##
.....# #.# #.#


There were no monsters in sight!

Vanquished Creatures
  Erica (D:8)
  Maurice (D:8)
  Psyche (D:8)
  Prince Ribbit (D:9)
  A slime creature (D:10)
  3 yaks (D:10)
  A wyvern (D:10)
  A hippogriff (D:9)
  Menkaure (D:7)
  A water moccasin (D:9)
  2 hell hounds (D:10)
  2 black bears
  2 ice beasts
  4 sky beasts
  A wasp (D:9)
  4 orc warriors
  2 ogres
  A necrophage (D:8)
  3 centaurs
  A phantom (D:10)
  Blork the orc (D:5)
  2 big kobolds
  5 giant frogs
  8 wights
  An electric eel (D:6)
  3 howler monkeys
  2 crimson imps
  2 hounds
  10 jellies
  4 orc wizards
  A quasit (D:10)
  Crazy Yiuf (D:7)
  A centaur skeleton (D:6)
  3 orc priests
  2 iguanas
  8 worker ants
  3 big kobold zombies (Ossuary)
  2 hound skeletons
  2 mummies (Ossuary)
  2 worker ant zombies
  4 gnolls (D:5)
  11 adders
  A river rat (D:4)
  2 shadow imps
  An ooze (D:3)
  5 adder zombies (Ossuary)
  2 worms
  2 dart slugs
  4 giant geckos
  19 orcs
  3 ball pythons
  7 bats
  11 giant cockroaches
  A gnoll zombie (Ossuary)
  12 goblins
  11 hobgoblins
  8 jackals
  5 quokkas
  12 giant newts
  5 hobgoblin zombies (Ossuary)
  16 kobolds
  A kobold zombie (Ossuary)
  5 orc zombies (Ossuary)
  12 rats
257 creatures vanquished.

Vanquished Creatures (collateral kills)
  Purgy (D:3)
  A giant frog skeleton (D:5)
  A worker ant (D:6)
  A bat (D:3)
  A kobold (D:3)
  A kobold zombie (Ossuary)
  A rat (D:3)
7 creatures vanquished.

Vanquished Creatures (others)
  An unseen horror (D:10)
  A hill giant (D:10)
  A wight (D:10)
  9 jellies
  An orc (D:10)
13 creatures vanquished.

Grand Total: 277 creatures vanquished

Notes
Turn   | Place    | Note
--------------------------------------------------------------
     0 | D:1      | Mefis the Deep Elf Wizard began the quest for the Orb.
     0 | D:1      | Reached XP level 1. HP: 10/10 MP: 7/7
   287 | D:1      | Reached XP level 2. HP: 15/15 MP: 6/9
   291 | D:1      | Learned a level 2 spell: Call Imp
   294 | D:1      | Learned a level 2 spell: Blink
   297 | D:1      | Learned a level 2 spell: Repel Missiles
   623 | D:1      | Reached skill level 3 in Dodging
   911 | D:1      | Reached XP level 3. HP: 19/19 MP: 9/11
   916 | D:1      | Learned a level 3 spell: Mephitic Cloud
  1360 | D:2      | Reached skill level 1 in Poison Magic
  1444 | D:2      | Reached XP level 4. HP: 24/24 MP: 3/12
  1702 | D:2      | Found a shadowy altar of Dithmenos.
  2279 | D:3      | Noticed Purgy
  2294 | D:3      | Killed Purgy
  2294 | D:3      | Reached skill level 4 in Dodging
  2294 | D:3      | Reached skill level 5 in Spellcasting
  2294 | D:3      | Reached XP level 5. HP: 25/28 MP: 4/14
  2407 | D:3      | Learned a level 3 spell: Conjure Flame
  2758 | D:4      | Found a staircase to the Ecumenical Temple.
  2808 | D:4      | Found a white marble altar of Elyvilon.
  2862 | D:4      | Found Plog's Food Shoppe.
  3014 | Temple   | Entered the Ecumenical Temple
  3387 | D:4      | Found a glowing drain.
  3391 | Sewer    | Entered a sewer
  3741 | Sewer    | Reached XP level 6. HP: 15/32 MP: 7/15
  3747 | Sewer    | Reached skill level 1 in Fire Magic
  4377 | D:5      | Entered Level 5 of the Dungeon
  4385 | D:5      | Noticed a sky beast
  4395 | D:5      | Noticed an ice beast
  4395 | D:5      | Noticed a sky beast
  4396 | D:5      | Reached skill level 5 in Dodging
  4544 | D:5      | Noticed Blork the orc
  4562 | D:5      | Killed Blork the orc
  4562 | D:5      | Reached XP level 7. HP: 36/36 MP: 1/17
  4887 | D:4      | Gained mutation: Your magical capacity is low (-10% MP). [mutagenic meat]
  4888 | D:4      | Gained mutation: You are partially covered in molten scales (AC +1). [mutagenic meat]
  4889 | D:4      | Gained mutation: Your flesh is cold resistant. [mutagenic meat]
  6178 | D:6      | Reached skill level 5 in Conjurations
  6387 | D:6      | Found an iron altar of Okawaru.
  6412 | D:6      | Found a sand-covered staircase.
  6418 | Ossuary  | Entered an ossuary
  6694 | Ossuary  | Reached skill level 6 in Dodging
  6694 | Ossuary  | Reached XP level 8. HP: 26/41 MP: 1/17
  6807 | Ossuary  | Learned a level 2 spell: Slow
  7409 | D:6      | Reached skill level 1 in Hexes
  8543 | D:7      | Noticed Crazy Yiuf
  8551 | D:7      | Killed Crazy Yiuf
  8564 | D:7      | Got a faintly glowing mace
  8565 | D:7      | Identified the +8 mace of the Four Orbs {drain, rElec} (You found it on level 7 of the Dungeon)
  9053 | D:7      | Noticed Menkaure
  9062 | D:7      | Killed Menkaure
  9062 | D:7      | Reached skill level 7 in Dodging
  9062 | D:7      | Reached skill level 5 in Stealth
  9891 | D:8      | Reached XP level 9. HP: 46/46 MP: 12/19
  9975 | D:8      | Noticed Erica
  9997 | D:8      | Killed Erica
  9997 | D:8      | Reached skill level 1 in Fighting
 10255 | D:8      | Found a burning altar of Makhleb.
 10278 | D:8      | Noticed Psyche
 10293 | D:8      | Killed Psyche
 10620 | D:8      | Noticed Maurice
 10704 | D:8      | Killed Maurice
 10704 | D:8      | Reached skill level 8 in Dodging
 11155 | D:8      | Reached skill level 5 in Poison Magic
 11868 | D:9      | Reached XP level 10. HP: 53/53 MP: 9/21
 12057 | D:9      | Found a radiant altar of Vehumet.
 12057 | D:9      | Found an ancient bone altar of Kikubaaqudgha.
 12058 | D:9      | Found a deep blue altar of Sif Muna.
 12064 | D:9      | Identified Kikubaaqudgha's Handbook of Dark Rites
 12067 | D:9      | Learned a level 1 spell: Pain
 12075 | D:9      | Became a worshipper of Sif Muna the Loreminder
 12114 | D:9      | Reached skill level 5 in Summonings
 12401 | D:9      | Reached skill level 1 in Necromancy
 12860 | D:9      | Found a basalt altar of Yredelemnul.
 13048 | D:9      | Noticed Prince Ribbit
 13062 | D:9      | Killed Prince Ribbit
 13384 | D:10     | Entered Level 10 of the Dungeon
 13530 | D:10     | Reached skill level 5 in Hexes
 13788 | D:10     | Reached * piety under Sif Muna
 13788 | D:10     | Reached skill level 5 in Fire Magic
 13810 | D:10     | Reached skill level 9 in Dodging
 14377 | D:10     | Found a viscous altar of Jiyva.
 14728 | D:10     | Fell from the grace of Sif Muna
 14728 | D:10     | Became a worshipper of Jiyva Jumpuxam the Shapeless
 15109 | D:10     | Reached * piety under Jiyva
 15110 | D:10     | Killed a hill giant
 15305 | D:10     | Reached ** piety under Jiyva
 15336 | D:10     | Killed an unseen horror
 15602 | D:10     | Found a staircase to the Lair.
 15787 | D:10     | Slain by an unseen horror

Skill      XL: |  1  2  3  4  5  6  7  8  9 10 |
---------------+-------------------------------+-----
Dodging        | 3 4 5 6 7 8 9 |  9.3
Conjurations   | 2 3 4 5 6 7 |  7.2
Poison Magic   | 1 2 3 4 5 |  5.8
Spellcasting   | 5 6 7 8 |  8.4
Stealth        | 3 4 5 6 |  6.7
Summonings     | 2 3 4 5 |  5.3
Fire Magic     | 1 2 3 4 5 |  5.4
Hexes          | 2 4 5 |  5.4
Fighting       | 2 |  2.7
Necromancy     | 3 |  3.7
Translocations | |  1.1

Action                   |  1- 3 |  4- 6 |  7- 9 | 10-12 || total
-------------------------+-------+-------+-------+-------++-------
Melee: Dagger            |     3 |     8 |    36 |       ||    47
       Mace              |       |       |    56 |    75 ||   131
       Staff             |       |       |       |     2 ||     2
 Fire: Hunting sling     |       |    11 |     4 |    26 ||    41
 Cast: Magic Dart        |    96 |   135 |   338 |   109 ||   678
       Repel Missiles    |     1 |       |       |     1 ||     2
       Call Imp          |       |     9 |     7 |    17 ||    33
       Mephitic Cloud    |       |     7 |    19 |    15 ||    41
       Blink             |       |     1 |     5 |     3 ||     9
       Conjure Flame     |       |       |    12 |     8 ||    20
       Pain              |       |       |       |    87 ||    87
Invok: Channel Energy    |       |       |       |     1 ||     1
  Use: Scroll            |       |     1 |     7 |     3 ||    11
       Potion            |       |       |       |     2 ||     2
 Stab: Sleeping          |     2 |     3 |     1 |     2 ||     8
       Confused          |       |       |     4 |     1 ||     5
  Eat: Chunk             |     1 |     4 |    12 |     3 ||    20
       Bread ration      |       |     1 |     3 |     1 ||     5
       Pizza             |       |       |     1 |       ||     1
       Meat ration       |       |       |       |     1 ||     1
Armor: Robe              |     1 |     5 |    21 |    24 ||    51
Dodge: Dodged            |    14 |    26 |    85 |   127 ||   252
       Deflected         |       |     1 |     1 |     4 ||     6
